[Event "ICC tourney 1934 (60 10)"]
[Site "Internet Chess Club"]
[Date "2020.07.25"]
[Round "2"]
[White "Zues9393"]
[Black "anshulg"]
[Result "1-0"]
[ICCResult "Black checkmated"]
[WhiteElo "1643"]
[BlackElo "1475"]
[Opening "Sicilian, Chekhover variation"]
[ECO "B53"]
[NIC "SI.02"]
[Time "14:00:49"]
[TimeControl "3600+10"]

1. e4 c5 2. Nf3 d6 3. d4 cxd4 4. Qxd4 Nc6 5. Bb5 Bd7 6. Bxc6 Bxc6 7. Nc3 Nf6
8. Bg5 e6 9. O-O-O Be7 10. Bf4 e5 11. Nxe5 dxe5 12. Qxe5 Qb6 13. Be3 Qb4 14.
Rd4 Qb6 15. Rhd1 Kf8 16. R4d3 Ng4 17. Qxe7+ Kxe7 18. Bxb6 axb6 19. Rg3 Nxf2
20. Rf1 Nxe4 21. Re3 f5 22. Rxf5 Ke6 23. Rf1 Kd7 24. Nxe4 Bxe4 25. Rxe4 Rhf8
26. Rd1+ Kc6 27. Re6+ Kc5 28. a3 Rf2 29. b4+ Kc4 30. Kb2 Rxg2 31. Re4+ Kb5
32. Kb3 Rxh2 33. Re5+ Kc6 34. Re6+ Kb5 35. Rd5+ Ka6 36. Ra5# {Black
checkmated} 1-0

[Event "ICC tourney 1934 (60 10)"]
[Site "Internet Chess Club"]
[Date "2020.07.25"]
[Round "2"]
[White "mancogu"]
[Black "erumaimadugod"]
[Result "0-1"]
[ICCResult "White resigns"]
[WhiteElo "1282"]
[BlackElo "1481"]
[Opening "Ruy Lopez: exchange variation, 5.O-O"]
[ECO "C68"]
[NIC "RL.08"]
[Time "14:00:42"]
[TimeControl "3600+10"]

1. e4 e5 2. Nf3 Nc6 3. Bb5 a6 4. Bxc6 dxc6 5. O-O Bg4 6. d3 Nf6 7. Be3 Bd6
8. Nbd2 O-O 9. h3 Be6 10. Re1 h6 11. Nf1 Re8 12. Qd2 Qe7 13. a3 c5 14. Rad1
c4 15. Ng3 cxd3 16. Qxd3 Rad8 17. Qc3 Bd7 18. Nd2 Bc6 19. f3 Qe6 20. Nc4 Bd7
21. Nxd6 cxd6 22. Bf2 d5 23. exd5 Nxd5 24. Qb3 Bc6 25. Ne4 Qg6 26. Kh1 Nf4
27. Bg3 Rxd1 28. Rxd1 Bxe4 29. fxe4 Ne2 30. Bf2 Qxe4 31. Re1 Rc8 32. c3 Rd8
33. Qb6 Rd2 34. Qe3 Qxe3 35. Bxe3 Rxb2 36. a4 Nxc3 37. a5 Re2 38. Rxe2 Nxe2
39. g4 Nc3 40. Kg2 Nd5 41. Bd2 e4 42. Kg3 e3 43. Be1 Kh7 44. Kf3 e2 45. Kxe2
Nf4+ 46. Kf3 Nxh3 47. Bc3 Kg6 48. Kg3 Ng5 49. Kf4 h5 50. gxh5+ Kxh5 51. Kf5
g6+ 52. Kf6 Ne4+ {White resigns} 0-1

[Event "ICC tourney 1934 (60 10)"]
[Site "Internet Chess Club"]
[Date "2020.07.25"]
[Round "2"]
[White "clair"]
[Black "Aqualime"]
[Result "0-1"]
[ICCResult "White resigns"]
[WhiteElo "1529"]
[BlackElo "1440"]
[Opening "Dutch"]
[ECO "A80"]
[NIC "HD.12"]
[Time "14:00:59"]
[TimeControl "3600+10"]

1. d4 f5 2. Bf4 Nf6 3. e3 g6 4. Nf3 Bg7 5. Bd3 O-O 6. c3 d6 7. Qb3+ d5 8.
Nbd2 e6 9. Ne5 Nbd7 10. h3 Nxe5 11. Bxe5 b6 12. c4 Bb7 13. O-O Rc8 14. c5
Ba8 15. cxb6 axb6 16. Rfc1 c5 17. Ba6 c4 18. Qa3 Rc6 19. Bb5 Rc8 20. Ba6 Rc6
21. Bb5 Rc8 22. Qd6 Qxd6 23. Bxd6 Rf7 24. a4 Bb7 25. a5 bxa5 26. Rxa5 Bc6
27. Bxc6 Rxc6 28. Ra8+ Bf8 29. Bxf8 Rxf8 30. Rxf8+ Kxf8 31. f3 Rb6 32. Rc2
Ke7 33. Kf2 Nd7 34. Nf1 Nb8 35. Ke2 Na6 36. Kd2 Nb4 37. Rc1 Nd3 38. Ra1
Rxb2+ 39. Kc3 Rxg2 40. Ra7+ Kf6 41. Rxh7 Rf2 42. Nd2 Re2 43. e4 Re3 44. h4
Ne1+ 45. Kb4 Nxf3 46. e5+ Nxe5 47. dxe5+ Kxe5 48. Rh6 Rh3 49. Rxg6 c3 50.
Nb3 c2 51. Rg1 Rxh4+ 52. Kc3 Rc4+ 53. Kd2 Ke4 54. Re1+ Kf4 55. Rxe6 d4 56.
Re1 Kg3 57. Kd3 Rc3+ 58. Kxd4 Rxb3 59. Rc1 Rb2 60. Kc3 Ra2 61. Kb3 Ra6 62.
Rxc2 Rb6+ 63. Ka4 f4 64. Ka5 Rf6 65. Kb4 f3 66. Rc3 Kg2 67. Rc8 Rg6 68. Kc3
f2 {White resigns} 0-1

[Event "ICC tourney 1934 (60 10)"]
[Site "Internet Chess Club"]
[Date "2020.07.25"]
[Round "2"]
[White "SavageKey-456"]
[Black "HarleyQueen8"]
[Result "0-1"]
[ICCResult "White resigns"]
[WhiteElo "1339"]
[BlackElo "1527"]
[Opening "Anti-Borg (Desprez) opening"]
[ECO "A00"]
[Time "14:01:16"]
[TimeControl "3600+10"]

1. h4 d5 2. c4 d4 3. Nf3 c5 4. b4 cxb4 5. a3 bxa3 6. Bxa3 Nc6 7. d3 e5 8.
Bxf8 Kxf8 9. Nbd2 Nf6 10. Qb3 g6 11. g3 Kg7 12. Ng5 Qc7 13. Nde4 Nxe4 14.
Nxe4 f5 15. Ng5 h6 16. Nh3 e4 17. Bg2 e3 18. f4 Be6 19. O-O Rab8 20. Qb2 Qd7
21. Kh2 a6 22. Rfb1 Qd6 23. Qc1 Qe7 24. Qh1 Bd7 25. Bd5 g5 26. fxg5 hxg5 27.
Qg2 Qd6 28. Kg1 gxh4 29. gxh4+ Qg6 30. Qxg6+ Kxg6 31. Nf4+ Kf6 32. Ng2 Rh7
33. Kh2 Ke5 34. Rb6 Kd6 35. Kg3 Rg7+ 36. Kh2 Kc7 37. Rbb1 Ne5 38. Nf4 Rg4
39. Ng2 Bc6 40. Ra5 Bxd5 41. Rxd5 Rbg8 42. Rg1 Ng6 43. Kh3 Nxh4 {White
resigns} 0-1

[Event "ICC tourney 1934 (60 10)"]
[Site "Internet Chess Club"]
[Date "2020.07.25"]
[Round "2"]
[White "Mapking1"]
[Black "StevChess01"]
[Result "1-0"]
[ICCResult "Black checkmated"]
[WhiteElo "1489"]
[BlackElo "1318"]
[Opening "Sicilian: O'Kelly variation"]
[ECO "B28"]
[NIC "SI.43"]
[Time "14:00:38"]
[TimeControl "3600+10"]

1. e4 c5 2. Nf3 a6 3. c4 Nc6 4. d4 cxd4 5. Nxd4 e5 6. Nf5 d6 7. Ne3 Nge7 8.
Bd3 Nd4 9. O-O Nec6 10. Nc3 Be6 11. Kh1 Qc7 12. Ned5 Bxd5 13. Nxd5 Qd8 14.
f4 Ne7 15. fxe5 dxe5 16. Bg5 Ne6 17. Qa4+ b5 18. cxb5 Nxg5 19. bxa6+ Qd7 20.
Nc7+ Kd8 21. Qxd7+ Kxd7 22. Nxa8 Nc8 23. h4 Ne6 24. Rxf7+ Kd6 25. Rc1 Be7
26. Bc4 Nd4 27. Rxg7 Bxh4 28. a7 Nc6 29. Rd1+ Kc5 30. Rd5+ Kxc4 31. Rc7 Nxa7
32. Nb6+ Kb4 33. a3+ Kb3 34. Rd3+ Ka2 35. Nd5 Bg5 36. b4 Rc8 37. Rf7 Bf4 38.
g3 Bc1 39. Rf2+ Ka1 40. Nc3 Bb2 41. Rd1+ Bc1 42. Rxc1# {Black checkmated}
1-0

[Event "ICC tourney 1934 (60 10)"]
[Site "Internet Chess Club"]
[Date "2020.07.25"]
[Round "2"]
[White "gmcarebear999"]
[Black "ScoutViolet"]
[Result "1-0"]
[ICCResult "Black forfeits on time"]
[WhiteElo "1395"]
[BlackElo "1236"]
[Opening "QGD"]
[ECO "D30"]
[NIC "QP.08"]
[Time "14:00:52"]
[TimeControl "3600+10"]

1. d4 d5 2. c4 e6 3. Nf3 Nf6 4. Bg5 Nbd7 5. e3 Be7 6. Nc3 b6 7. cxd5 exd5 8.
Bd3 Bb7 9. O-O O-O 10. Rc1 a6 11. Qc2 h6 12. Bf4 c5 13. Qd2 Ne4 14. Bxe4
dxe4 15. Ne5 Nxe5 16. Bxe5 Bg5 17. d5 Re8 18. Bg3 Bf6 19. Rfd1 Qe7 20. d6
Qd7 21. Nd5 Bxd5 22. Qxd5 Rab8 23. b4 Rec8 24. bxc5 bxc5 25. Rxc5 Rxc5 26.
Qxc5 Qa4 27. Qd5 Rb5 28. Qd2 Rb2 29. Qe1 Rxa2 30. h3 Qa5 31. Qxa5 Rxa5 32.
d7 Bd8 33. Kh2 Ra4 34. Bd6 f6 35. Kg3 Kf7 36. Kf4 g6 37. Bc5 h5 38. g4 h4
39. f3 g5+ 40. Kf5 exf3 41. Bd6 f2 42. Rf1 Ra5+ 43. Ke4 Ke6 44. Bf8 Kxd7 45.
Rxf2 Re5+ 46. Kd4 Bb6+ 47. Kc4 Re6 48. Rd2+ Ke8 49. Bg7 Bxe3 50. Re2 Kf7 51.
Bh6 Bf4 52. Ra2 f5 53. Bxg5 Bxg5 54. gxf5 Rf6 55. Kd3 Rxf5 56. Rxa6 Rf3+ 57.
Ke4 Rxh3 58. Kf5 Rg3 59. Ra7+ Be7 60. Kf4 Rg1 61. Ra5 Bg5+ 62. Kf3 h3 63.
Ra2 Be7 64. Rh2 Rf1+ 65. Ke2 {Black forfeits on time} 1-0

[Event "ICC tourney 1934 (60 10)"]
[Site "Internet Chess Club"]
[Date "2020.07.25"]
[Round "2"]
[White "dabpacman"]
[Black "importantheart"]
[Result "0-1"]
[ICCResult "White checkmated"]
[WhiteElo "1225"]
[BlackElo "1355"]
[Opening "Vienna gambit"]
[ECO "C29"]
[NIC "VG.04"]
[Time "14:00:53"]
[TimeControl "3600+10"]

1. e4 e5 2. Nc3 Nf6 3. f4 d6 4. Nf3 Nc6 5. Bb5 exf4 6. d4 Bd7 7. Bxf4 a6 8.
Bd3 Bg4 9. Be2 Be7 10. Qd2 d5 11. e5 Ne4 12. Qe3 Nxc3 13. bxc3 Na5 14. O-O
O-O 15. Nd2 Be6 16. Kh1 Rc8 17. g4 c5 18. Qh3 c4 19. Qg2 Qd7 20. a4 f6 21.
Rg1 fxe5 22. Bxe5 Bg5 23. Nf1 Nc6 24. Qg3 Nxe5 25. Qxe5 Bf4 26. Qh5 Qf7 27.
Qh4 Rce8 28. Ng3 Bd7 29. Raf1 Qg6 30. Bf3 Be6 31. Nf5 Bxf5 32. Bxd5+ Be6 33.
Bxb7 Qxc2 34. d5 Qe4+ 35. Rg2 Bxd5 36. Bxd5+ Qxd5 37. Rg1 Re2 38. Qh3 Be3
39. a5 Bxg1 40. Kxg1 Qd1# {White checkmated} 0-1

[Event "ICC tourney 1934 (60 10)"]
[Site "Internet Chess Club"]
[Date "2020.07.25"]
[Round "2"]
[White "skywise"]
[Black "Niteshc"]
[Result "1-0"]
[ICCResult "Black checkmated"]
[WhiteElo "1569"]
[BlackElo "1354"]
[Opening "King's Indian: 4.e4"]
[ECO "E70"]
[NIC "KI.32"]
[Time "14:01:23"]
[TimeControl "3600+10"]

1. d4 Nf6 2. c4 g6 3. Nc3 Bg7 4. e4 O-O 5. Bd3 d6 6. Nge2 e5 7. d5 Ne8 8.
O-O f5 9. exf5 gxf5 10. f4 e4 11. Bc2 Nf6 12. Be3 Ng4 13. Bd4 Rf7 14. h3 Nf6
15. Ng3 c5 16. Be3 Qb6 17. a3 Ne8 18. Na4 Qd8 19. Nh5 Bh8 20. Qe1 Nf6 21.
Qg3+ Kf8 22. Qg5 Qe7 23. Nxf6 Bxf6 24. Qh6+ Bg7 25. Qh5 Nd7 26. Rad1 Nf6 27.
Qe2 Bd7 28. Nc3 a6 29. Ba4 Bxa4 30. Nxa4 Qc7 31. b4 b6 32. Rb1 Nd7 33. g4
Re8 34. b5 a5 35. Nb2 Bd4 36. Qd2 Rg7 37. g5 h6 38. h4 Bxe3+ 39. Qxe3 Nf6
40. Kh1 Ng4 41. Qe2 e3 42. Nd3 Qe7 43. Rg1 Qe4+ 44. Rg2 Nf2+ 45. Nxf2 Qxb1+
46. Rg1 exf2 47. Qxe8+ Kxe8 48. Rxb1 Re7 49. Rf1 Re3 50. Rxf2 Rxa3 51. gxh6
Kf7 52. Rg2 Ra1+ 53. Kh2 Re1 54. h5 Re8 55. Rg7+ Kf6 56. Rg6+ Ke7 57. Re6+
Kf7 58. Rxe8 Kxe8 59. h7 a4 60. h8=Q+ Kd7 61. Qa1 a3 62. h6 a2 63. h7 Ke7
64. h8=Q Kf7 65. Qaf6# {Black checkmated} 1-0

[Event "ICC tourney 1934 (60 10)"]
[Site "Internet Chess Club"]
[Date "2020.07.25"]
[Round "2"]
[White "cdj12417489"]
[Black "saanvichess"]
[Result "0-1"]
[ICCResult "White forfeits on time"]
[WhiteElo "1155"]
[BlackElo "1295"]
[Opening "French: exchange variation"]
[ECO "C01"]
[NIC "FR.01"]
[Time "14:01:51"]
[TimeControl "3600+10"]

1. e4 e6 2. d4 d5 3. exd5 exd5 4. Nf3 Nc6 5. Bd3 Bg4 6. h3 Bxf3 7. Qxf3 Nxd4
8. Qe3+ Ne6 9. Bf5 Qf6 10. Bxe6 Qxe6 11. Qxe6+ fxe6 12. Bf4 O-O-O 13. Nd2
Nf6 14. O-O-O Bc5 15. f3 Rhe8 16. Be5 Bd6 17. f4 Nh5 18. Rhf1 Rf8 19. Nf3
Nxf4 20. Bxd6 Rxd6 21. Ne5 Rf6 22. Ng4 Ne2+ 23. Kd2 Rxf1 24. Rxf1 Ng3 25.
Rf7 Nf5 26. Ne5 h5 27. g4 hxg4 28. hxg4 Ng3 29. Rxg7 Ne4+ 30. Ke3 c5 31. g5
Ng3 32. g6 Nf5+ 33. Kf4 Nxg7 34. Kg5 d4 35. Kf6 Nf5 36. g7 Rd8 37. Kf7 Nxg7
38. Kxg7 Rd5 39. Kf6 Rd6 40. Nc4 Ra6 41. a3 Kd7 42. Ke5 b5 43. Nd2 Rd6 44.
Nb3 Rd5+ 45. Ke4 Kd6 46. Nc1 c4 47. b4 Kc6 48. Ne2 d3 49. cxd3 cxd3 50. Nc3
d2 51. Ke3 d1=Q 52. Nxd1 Rxd1 53. Ke2 Rd4 54. Ke3 Kd5 55. Ke2 Ke4
{White forfeits on time}
0-1

[Event "ICC tourney 1934 (60 10)"]
[Site "Internet Chess Club"]
[Date "2020.07.25"]
[Round "3"]
[White "karuto2006"]
[Black "lmperfectFocus"]
[Result "0-1"]
[ICCResult "White checkmated"]
[WhiteElo "1315"]
[BlackElo "1532"]
[Opening "Ruy Lopez: Marshall, main line, 14...Qh3"]
[ECO "C89"]
[NIC "RL.17"]
[Time "17:01:16"]
[TimeControl "3600+10"]

1. e4 e5 2. Nf3 Nc6 3. Bb5 a6 4. Ba4 Nf6 5. O-O Be7 6. Re1 b5 7. Bb3 O-O 8.
c3 d5 9. exd5 Nxd5 10. Nxe5 Nxe5 11. Rxe5 c6 12. d4 Bd6 13. Re1 Qh4 14. g3
Qh3 15. Bxd5 cxd5 16. Qf3 Bg4 17. Qg2 Qh5 18. Be3 Bf3 19. Qf1 f5 20. Nd2 f4
21. Nxf3 fxe3 22. Rxe3 Rxf3 23. Qg2 Raf8 24. Rf1 Qg4 25. h3 Qf5 26. a3 Rxe3
27. fxe3 Qxf1+ 28. Qxf1 Rxf1+ 29. Kxf1 Bxg3 30. Ke2 Kf7 31. Kd3 Ke6 32. e4
dxe4+ 33. Kxe4 g6 34. a4 Bh4 35. axb5 axb5 36. d5+ Kd6 37. Kd4 Bf6+ 38. Ke4
Bg5 39. Kd4 Bc1 40. b3 Bb2 41. b4 h6 42. Kd3 Kxd5 43. Kc2 Ba3 44. Kd3 Bc1
45. Kc2 Bf4 46. Kd3 Be5 47. Kc2 Kc4 48. Kd2 Bxc3+ 49. Kc2 Bxb4 50. Kb2 Bc3+
51. Kc2 b4 52. Kb1 b3 53. Kc1 Kb4 54. Kb1 Ka3 55. Kc1 Bd2+ 56. Kb1 Bc1 57.
h4 h5 58. Kxc1 Ka2 59. Kd2 b2 60. Ke3 b1=Q 61. Kf4 Qf5+ 62. Kg3 Qg4+ 63. Kh2
Kb2 64. Kh1 Kc2 65. Kh2 Kd2 66. Kh1 Ke2 67. Kh2 Kf2 68. Kh1 Qh3#
{White checkmated}
0-1

[Event "ICC tourney 1934 (60 10)"]
[Site "Internet Chess Club"]
[Date "2020.07.25"]
[Round "3"]
[White "yogokings12"]
[Black "SparkyNinja"]
[Result "1/2-1/2"]
[ICCResult "Game drawn by mutual agreement"]
[WhiteElo "1524"]
[BlackElo "1503"]
[Opening "Sicilian: Najdorf, 7...Be7"]
[ECO "B98"]
[NIC "SI.09"]
[Time "17:01:45"]
[TimeControl "3600+10"]

1. e4 c5 2. Nf3 d6 3. d4 cxd4 4. Nxd4 Nf6 5. Nc3 a6 6. Bg5 e6 7. f4 Be7 8.
Qf3 h6 9. Bh4 Qb6 10. O-O-O Nc6 11. Bf2 Qc7 12. f5 Ne5 13. Qg3 Nfg4 14. Be2
Bg5+ 15. Kb1 Nxf2 16. Qxf2 b5 17. h4 Bf6 18. Bxb5+ axb5 19. Ndxb5 Qa5 20.
Nxd6+ Ke7 21. Ndb5 Bd7 22. Qc5+ Kd8 23. fxe6 fxe6 24. a4 Rc8 25. Qd4 Rc4 26.
Qd6 Rc6 27. Qb8+ Rc8 28. Qd6 Rc6 29. Qb8+ Rc8 {Game drawn by mutual
agreement} 1/2-1/2

[Event "ICC tourney 1934 (60 10)"]
[Site "Internet Chess Club"]
[Date "2020.07.25"]
[Round "3"]
[White "siddhu25"]
[Black "Priccchess"]
[Result "1-0"]
[ICCResult "Black resigns"]
[WhiteElo "1498"]
[BlackElo "1608"]
[Opening "Philidor: exchange variation"]
[ECO "C41"]
[NIC "KP.08"]
[Time "17:02:09"]
[TimeControl "3600+10"]

1. e4 e5 2. Nf3 d6 3. d4 exd4 4. Nxd4 Nf6 5. Nc3 a6 6. a4 Be7 7. Bc4 Bd7 8.
O-O Nc6 9. h3 O-O 10. Be3 Nxd4 11. Bxd4 Be6 12. Bxe6 fxe6 13. e5 Nd5 14. Qg4
Nxc3 15. Qxe6+ Kh8 16. Bxc3 dxe5 17. Bxe5 Bf6 18. Rad1 Qe8 19. Qxe8 Raxe8
20. Bxf6 Rxf6 21. Rd7 Rc6 22. c3 h6 23. Rfd1 Re2 24. R1d2 Rxd2 25. Rxd2 Kg8
26. Rd7 b6 27. Kf1 a5 28. Ke2 Rc4 29. Kd3 Rc5 30. b4 axb4 31. cxb4 Rc1 32.
Rd4 Ra1 33. b5 Ra3+ 34. Ke4 Rc3 35. Kd5 Rc2 36. Rc4 Rxf2 37. Rxc7 Rxg2 38.
Kc6 Rg6+ 39. Kb7 Rf6 40. Rc6 Rf4 41. Kxb6 Rxa4 42. Kc7 Rb4 43. b6 h5 44. b7
Rxb7+ 45. Kxb7 Kh7 46. Kb6 g6 47. Kc5 g5 48. Kd4 g4 49. hxg4 h4 50. Ke4 h3
51. Kf3 {Black resigns} 1-0

[Event "ICC tourney 1934 (60 10)"]
[Site "Internet Chess Club"]
[Date "2020.07.25"]
[Round "3"]
[White "QueenHM"]
[Black "NonnaThat"]
[Result "0-1"]
[ICCResult "White checkmated"]
[WhiteElo "1328"]
[BlackElo "1709"]
[Opening "Sicilian: Smith-Morra gambit"]
[ECO "B21"]
[NIC "SI.48"]
[Time "17:02:07"]
[TimeControl "3600+10"]

1. e4 c5 2. d4 cxd4 3. c3 dxc3 4. Nxc3 Nc6 5. Bc4 d6 6. Nf3 Bg4 7. Bxf7+
Kxf7 8. Ng5+ Ke8 9. Qxg4 Nd4 10. O-O Nf6 11. Qd1 e5 12. Be3 h6 13. Qa4+ b5
14. Nxb5 Nxb5 15. Qxb5+ Qd7 16. Qxd7+ Kxd7 17. Nf3 Nxe4 18. Rfd1 Ke6 19. Nd2
Nxd2 20. Rxd2 d5 21. a3 d4 22. Bxd4 exd4 23. Rxd4 Be7 24. Re1+ Kf7 25. Rf4+
Bf6 26. b4 Rhe8 27. Rxe8 Rxe8 28. g3 Re1+ 29. Kg2 Ra1 30. Rf3 g5 31. b5 Rb1
32. Rf5 Rb3 33. a4 Ra3 34. Rc5 Rxa4 35. Rc7+ Kg6 36. Rc6 Kf5 37. b6 axb6 38.
Rxb6 Ra2 39. Rb5+ Ke4 40. g4 Bd4 41. Rf5 Ra6 42. h3 Rf6 43. f3+ Ke3 44. Kg3
Bc3 45. h4 Be1+ 46. Kg2 Rxf5 47. gxf5 Bxh4 48. f6 Be1 49. f7 Bb4 50. Kg3 h5
51. Kg2 Kf4 52. Kf2 Kf5 53. Kg3 Kf6 54. f4 g4 55. Kh4 Kxf7 56. Kxh5 g3 57.
Kg4 g2 58. Kf3 g1=Q 59. f5 Kf6 60. Ke4 Qg4+ 61. Kd5 Qxf5+ 62. Kc6 Qc5+ 63.
Kd7 Qd6+ 64. Kc8 Ba5 65. Kb7 Qc7+ 66. Ka6 Qb6# {White checkmated} 0-1

[Event "ICC tourney 1934 (60 10)"]
[Site "Internet Chess Club"]
[Date "2020.07.25"]
[Round "3"]
[White "chessisthebest1"]
[Black "Knightboy123"]
[Result "1/2-1/2"]
[ICCResult "Game drawn by repetition"]
[WhiteElo "1515"]
[BlackElo "1411"]
[Opening "Sicilian: Najdorf"]
[ECO "B90"]
[NIC "SI.14"]
[Time "17:01:28"]
[TimeControl "3600+10"]

1. e4 c5 2. Nf3 d6 3. d4 cxd4 4. Nxd4 Nf6 5. Nc3 a6 6. f3 e5 7. Nb3 Be6 8.
Be3 Be7 9. Qd2 O-O 10. O-O-O Nbd7 11. g4 b5 12. g5 b4 13. Ne2 Ne8 14. h4 a5
15. Kb1 a4 16. Nbc1 Rb8 17. Bh3 Bxh3 18. Rxh3 Nc7 19. h5 Nb6 20. b3 Ne6 21.
Rg1 d5 22. g6 d4 23. Bf2 Bg5 24. Qe1 Bxc1 25. Qxc1 axb3 26. axb3 d3 27.
gxh7+ Kh8 28. cxd3 Qxd3+ 29. Qc2 Qa6 30. Qa2 Qd3+ 31. Qc2 Qa6 32. Qa2 Qd3+
33. Qc2 Qa6 {Game drawn by repetition} 1/2-1/2

[Event "ICC tourney 1934 (60 10)"]
[Site "Internet Chess Club"]
[Date "2020.07.25"]
[Round "3"]
[White "imranchamp"]
[Black "gmcarebear999"]
[Result "1-0"]
[ICCResult "Black checkmated"]
[WhiteElo "1484"]
[BlackElo "1380"]
[Opening "Sicilian: closed"]
[ECO "B23"]
[NIC "SI.44"]
[Time "17:01:32"]
[TimeControl "3600+10"]

1. e4 c5 2. Nc3 d6 3. f4 Nf6 4. Nf3 Nc6 5. Bc4 g6 6. O-O Bg7 7. d3 O-O 8. f5
a6 9. fxg6 hxg6 10. a3 b5 11. Ba2 Bg4 12. h3 Bxf3 13. Qxf3 Nd4 14. Qf2 Qc7
15. Nd5 Qa7 16. Bg5 c4 17. Nxe7+ Qxe7 18. Qxd4 Qe5 19. Qxe5 dxe5 20. Bxf6
cxd3 21. cxd3 Bh6 22. Bxe5 Rad8 23. Rad1 Rfe8 24. Bxf7+ Kh7 25. Bxe8 Rxe8
26. Bh2 Be3+ 27. Kh1 Bd4 28. b3 Rc8 29. e5 Rc3 30. e6 Rc8 31. e7 Re8 32. Bd6
Kg7 33. Rf8 Rxe7 34. Bxe7 Bc5 35. Bxc5 b4 36. Bxb4 a5 37. Bc5 a4 38. bxa4 g5
39. Rdf1 g4 40. R1f6 g3 41. R8f7+ Kg8 42. Ra7 Kh8 43. Rf8# {Black
checkmated} 1-0

[Event "ICC tourney 1934 (60 10)"]
[Site "Internet Chess Club"]
[Date "2020.07.25"]
[Round "3"]
[White "saanvichess"]
[Black "combusken1123"]
[Result "1-0"]
[ICCResult "Black resigns"]
[WhiteElo "1340"]
[BlackElo "1465"]
[Opening "Sicilian: Pelikan, Chelyabinsk variation"]
[ECO "B33"]
[NIC "SI.37"]
[Time "17:01:30"]
[TimeControl "3600+10"]

1. e4 c5 2. Nf3 Nc6 3. d4 cxd4 4. Nxd4 Nf6 5. Nc3 e5 6. Ndb5 d6 7. Bg5 a6 8.
Na3 b5 9. Nd5 Be7 10. Bxf6 Bxf6 11. c3 O-O 12. h4 Be6 13. Nc2 Rc8 14. Nce3
Ne7 15. Nxf6+ gxf6 16. h5 d5 17. exd5 Nxd5 18. Qf3 Nf4 19. Ng4 Bc4 20. Bxc4
bxc4 21. O-O Qe7 22. Rfe1 Rc5 23. Qxf4 Rc6 24. Qg3 Kh8 25. Nh6 Qc5 26. Rad1
Rd6 27. b4 cxb3 28. axb3 Rxd1 29. Rxd1 {Black resigns} 1-0

[Event "ICC tourney 1934 (60 10)"]
[Site "Internet Chess Club"]
[Date "2020.07.25"]
[Round "3"]
[White "evg1234567"]
[Black "hankmd"]
[Result "0-1"]
[ICCResult "White resigns"]
[WhiteElo "1543"]
[BlackElo "1620"]
[Opening "QGD Slav defense: exchange variation"]
[ECO "D13"]
[NIC "SL.01"]
[Time "17:01:48"]
[TimeControl "3600+10"]

1. d4 d5 2. c4 c6 3. cxd5 cxd5 4. Nc3 Nf6 5. Nf3 Nc6 6. Bf4 Qb6 7. Qd2 Ne4
8. Nxe4 dxe4 9. Ne5 Qxd4 10. Nxc6 Qxd2+ 11. Bxd2 bxc6 12. O-O-O Be6 13. Kb1
O-O-O 14. h3 e3 15. fxe3 Bf5+ 16. Kc1 Be4 17. Rg1 e6 18. Bc3 Bc5 19. Bd4 Bb6
20. g4 e5 21. Bxb6 axb6 22. Bg2 Rxd1+ 23. Kxd1 Rd8+ 24. Kc1 Bxg2 25. Rxg2
Kd7 26. Kc2 Ke6 27. e4 Rd4 28. Rg1 Rxe4 29. Kd3 Rd4+ 30. Ke3 g5 31. Rc1 c5
32. b3 h5 33. Rg1 Kf6 34. Rf1+ Rf4 35. Rd1 Ke6 36. Rg1 hxg4 37. hxg4 Kd6 38.
Kd3 Kd5 39. Rg2 c4+ 40. bxc4+ Rxc4 41. e3 e4+ 42. Kd2 Ra4 43. Ke1 Ra3 44.
Rd2+ Ke5 45. Kf2 f5 46. gxf5 Kxf5 47. Rb2 Kg4 48. Kg2 Rxe3 49. Rxb6 Re2+ 50.
Kf1 Rxa2 51. Rf6 Kg3 52. Rf5 g4 53. Rf8 e3 54. Rf7 Rf2+ 55. Rxf2 exf2 56.
Ke2 Kg2 57. Ke3 f1=Q 58. Ke4 {White resigns} 0-1

[Event "ICC tourney 1934 (60 10)"]
[Site "Internet Chess Club"]
[Date "2020.07.25"]
[Round "3"]
[White "AkshatSuresh"]
[Black "DanielA1926"]
[Result "1-0"]
[ICCResult "Black checkmated"]
[WhiteElo "1580"]
[BlackElo "1222"]
[Opening "Sicilian: Scheveningen (Paulsen), classical variation"]
[ECO "B84"]
[NIC "SI.23"]
[Time "17:01:16"]
[TimeControl "3600+10"]

1. e4 c5 2. Nf3 d6 3. d4 cxd4 4. Nxd4 Nf6 5. Nc3 a6 6. Be2 e6 7. Be3 Qc7 8.
O-O b5 9. a3 Bb7 10. f3 Be7 11. Qe1 Nbd7 12. Rd1 Nc5 13. Kh1 Rc8 14. Qg3 g6
15. Qf2 e5 16. Nb3 Na4 17. Nxa4 Qxc2 18. Nac5 dxc5 19. Bxb5+ axb5 20. Qxc2
c4 21. Nd2 O-O 22. Bg5 Nxe4 23. Bxe7 Nxd2 24. Rxd2 Rfe8 25. Bb4 e4 26. Re2
exf3 27. Rxe8+ Rxe8 28. gxf3 Bxf3+ 29. Rxf3 Re1+ 30. Bxe1 b4 31. Bxb4 c3 32.
Rxf7 Kxf7 33. bxc3 h5 34. Qf2+ Ke6 35. Qe3+ Kf5 36. Bd6 h4 37. Qe5+ Kg4 38.
Qf4+ Kh5 39. Be7 h3 40. Qh4# {Black checkmated} 1-0

[Event "ICC tourney 1934 (60 10)"]
[Site "Internet Chess Club"]
[Date "2020.07.25"]
[Round "3"]
[White "AboardBuffalo"]
[Black "Zues9393"]
[Result "0-1"]
[ICCResult "White checkmated"]
[WhiteElo "1586"]
[BlackElo "1712"]
[Opening "Sicilian: dragon, Yugoslav attack, Rauser variation"]
[ECO "B76"]
[NIC "SI.17"]
[Time "17:01:30"]
[TimeControl "3600+10"]

1. e4 c5 2. Nf3 d6 3. d4 cxd4 4. Nxd4 Nf6 5. Nc3 g6 6. f3 Bg7 7. Be3 O-O 8.
Qd2 Nc6 9. O-O-O d5 10. Bh6 Nxd4 11. Bxg7 Nxf3 12. Qh6 Ng4 13. Qf4 Kxg7 14.
Qxf3 dxe4 15. Nxe4 Qb6 16. Qc3+ Kg8 17. Bd3 Bf5 18. Rde1 Rac8 19. Qd2 Rfd8
20. Qe2 Rxd3 21. Qxd3 Nf2 22. Qf3 Bxe4 23. Rxe4 Nxh1 24. Re1 Qf2 25. Rxh1
Qxc2# {White checkmated} 0-1

[Event "ICC tourney 1934 (60 10)"]
[Site "Internet Chess Club"]
[Date "2020.07.25"]
[Round "3"]
[White "hursha6b5"]
[Black "DankMemer"]
[Result "1-0"]
[ICCResult "Black checkmated"]
[WhiteElo "1448"]
[BlackElo "1564"]
[Opening "French: Tarrasch, open variation"]
[ECO "C07"]
[NIC "FR.19"]
[Time "17:02:09"]
[TimeControl "3600+10"]

1. e4 e6 2. d4 d5 3. Nd2 c5 4. exd5 Qxd5 5. Ngf3 cxd4 6. Bc4 Qd7 7. Nb3 Nf6
8. O-O Be7 9. Nbxd4 O-O 10. Bf4 a6 11. Ne5 Qd8 12. a4 Nbd7 13. Ndf3 Nxe5 14.
Nxe5 Nd7 15. Qe2 Qb6 16. Bd3 Qxb2 17. Rad1 Nxe5 18. Bxe5 Qb4 19. Bxh7+ Kxh7
20. Qh5+ Kg8 21. Rd4 Qc5 22. Rg4 f6 23. Qg6 Rf7 24. Rh4 Rf8 25. Rh7 Rf7 26.
Qh5 Qxe5 27. Rh8# {Black checkmated} 1-0

[Event "ICC tourney 1934 (60 10)"]
[Site "Internet Chess Club"]
[Date "2020.07.25"]
[Round "3"]
[White "StevChess01"]
[Black "mancogu"]
[Result "1/2-1/2"]
[ICCResult "Game drawn by mutual agreement"]
[WhiteElo "1317"]
[BlackElo "1283"]
[Opening "QGD: 4.Bg5"]
[ECO "D50"]
[NIC "QO.16"]
[Time "17:01:17"]
[TimeControl "3600+10"]

1. d4 d5 2. c4 e6 3. Nc3 Nf6 4. Bg5 c6 5. e3 Be7 6. Qc2 Nbd7 7. Nf3 O-O 8.
Bd3 dxc4 9. Bxc4 b5 10. Be2 Bb7 11. O-O a6 12. Rac1 Rc8 13. Qb1 Nd5 14. Bxe7
Qxe7 15. Nxd5 cxd5 16. Bd3 g6 17. Rxc8 Rxc8 18. Rc1 Qd8 19. Rc2 Rxc2 20.
Qxc2 Qc8 21. Qxc8+ Bxc8 22. b4 h6 23. Nd2 Nb6 24. Nb3 Nc4 25. Kf1 Kf8 26.
Ke2 Ke7 27. Bxc4 dxc4 28. Nc5 Kd6 29. Ne4+ Ke7 30. f3 Bb7 31. Nc3 Kd6 32. e4
g5 33. Nd1 Ba8 34. g4 Bb7 35. Ne3 Ba8 36. Ng2 Bb7 37. Ke3 Ke7 38. h4 Kf6 39.
h5 Ke7 40. Ke2 Ba8 41. Ne3 Kd6 42. Kd2 {Game drawn by mutual agreement}
1/2-1/2